 Dungeon Crawl Stone Soup version 0.17-a0-1421-g95311d7 (webtiles) character file.

104 bal the Chopper (level 4, -4/34 HPs)
             Began as a Demonspawn Gladiator on June 24, 2015.
             Killed by divine providence
             ... invoked by an orc priest
              (14 damage)
             ... on level 3 of the Dungeon.
             The game lasted 00:06:06 (1502 turns).

bal the Chopper (Demonspawn Gladiator)              Turns: 1502, Time: 00:06:07

Health: -4/34      AC:  6    Str: 16    XL:     4   Next: 52%
Magic:  4/4        EV: 12    Int: 10    God:
Gold:   114        SH:  0    Dex: 13    Spells: 0 memorised, 3 levels left

rFire  . . .     SeeInvis .     q - +4 quarterstaff (chaos)
rCold  . . .     Clarity  .     l - +0 ring mail
rNeg   . . .     SustAt   .     (no shield)
rPois  .         Gourm    .     c - +0 helmet
rElec  .         Spirit   .     (no cloak)
rCorr  .         Warding  .     (no gloves)
rMut   .         Stasis   .     (no boots)
MR     .....                    (no amulet)
Stlth  +.........               (no ring)
                                (no ring)

@: not resistant to hostile enchantments, very unstealthy
A: claws 2
a: no special abilities


You were on level 3 of the Dungeon.
You were not hungry.

You visited 1 branch of the dungeon, and saw 3 of its levels.

You collected 114 gold pieces.

Inventory:

Hand weapons
 a - a +0 war axe
 q - a +4 quarterstaff of chaos (weapon)
Missiles
 d - 3 throwing nets
 m - 21 arrows of dispersal
 t - 8 javelins (quivered)
Armour
 c - a +0 helmet (worn)
 h - a +0 large shield
 l - a +0 ring mail (worn)
Jewellery
 k - an uncursed amulet of faith {unknown}
Scrolls
 b - 2 scrolls of blinking {unknown}
 g - a scroll of remove curse {unknown}
 i - a scroll of noise {unknown}
 j - 2 scrolls of teleportation {unknown}
 n - a scroll of enchant armour {unknown}
 o - 2 scrolls of identify {unknown}
 r - a scroll of immolation {unknown}
Potions
 f - a potion of magic {unknown}
 p - a potion of cancellation {unknown}
 s - a potion of poison {unknown}
 u - a potion of curing {unknown}
Comestibles
 e - 3 bread rations
 v - 5 chunks of flesh


   Skills:
 + Level 2.5 Fighting
 + Level 3.4 Axes
 + Level 1.8 Throwing
 + Level 1.2 Armour
 + Level 3.4 Dodging
 + Level 0.8 Shields


You had 3 spell levels left.
You didn't know any spells.

Dungeon Overview and Level Annotations

Branches:
Dungeon (3/15)

Altars:


Innate Abilities, Weirdness & Mutations

You have very sharp fingernails.


Message History

The bat barely misses you. x2
The orc closely misses you.
The orc priest calls upon Beogh to heal the orc.
The orc's wounds heal themselves!
The orc hits you with a mace. The orc hits you.
You closely miss the orc. The bat closely misses you.
The orc barely misses you. The orc closely misses you.
The orc priest hits you with a hand axe of flaming.
The orc priest burns you.
You closely miss the orc priest. The bat hits you but does no damage.
The orc hits you but does no damage.
The orc priest hits you with a hand axe of flaming.
The orc priest burns you. The orc hits you with a mace.
You hit the orc priest but do no damage.
The bat barely misses you. The orc barely misses you.
The orc hits you with a mace.
* * * LOW HITPOINT WARNING * * *
The orc priest mumbles some strange prayers to Beogh against you.
Something smites you!
You die...

...#..........
..#..........#
............=#
#...?.......#
#.........#
#.........# #
#.ooo.....#
#...#..@b.....#
.........<...##
....#.........#
#$. #.........#
# #.........#
#.........#
#.........#
##.......##
##.....##


You could see an orc priest, 2 orcs and a bat.

Vanquished Creatures
  Crazy Yiuf (D:2)
  An adder (D:2)
  3 worms (D:2)
  3 giant geckos (D:1)
  2 hobgoblins (D:1)
  6 jackals
  A quokka (D:2)
  6 bats
  4 giant cockroaches (D:2)
  4 giant newts
  6 goblins
  11 kobolds
  12 rats
60 creatures vanquished.

Vanquished Creatures (others)
  A plant (D:1)
1 creature vanquished.

Grand Total: 61 creatures vanquished

Notes
Turn   | Place    | Note
--------------------------------------------------------------
     0 | D:1      | bal the Demonspawn Gladiator began the quest for the Orb.
     0 | D:1      | Reached XP level 1. HP: 16/16 MP: 1/1
    62 | D:1      | Reached skill level 3 in Axes
    66 | D:1      | Gained mutation: You have sharp fingernails. [demonic ancestry]
    66 | D:1      | Reached XP level 2. HP: 6/22 MP: 2/2
   542 | D:1      | Reached XP level 3. HP: 27/27 MP: 3/3
   942 | D:2      | Reached skill level 1 in Armour
  1013 | D:2      | Noticed Crazy Yiuf
  1020 | D:2      | Killed Crazy Yiuf
  1020 | D:2      | Gained mutation: You have very sharp fingernails. [demonic ancestry]
  1020 | D:2      | Reached XP level 4. HP: 15/34 MP: 4/4
  1502 | D:3      | Killed from afar by an orc priest

Vault maps used:
D:1:      dpeg_arrival_rooms_a, lexackson_kobold_supper
D:2:      first_bread, uniq_crazy_yiuf_cottage
D:3:      gammafunk_temple_overflow_wave, hangedman_decor_growths,
          feat_on_display

Action                   |  1- 3 |  4- 6 || total
-------------------------+-------+-------++-------
Melee: War axe           |   169 |     4 ||   173
       Quarterstaff      |       |    26 ||    26
Throw: Javelin           |       |     3 ||     3
  Eat: Chunk             |     1 |       ||     1
       Bread ration      |       |     1 ||     1
